 Dungeon Crawl Stone Soup version 0.31-a0-636-ge1c0e020e0 (webtiles) character file.

Game seed: 15761596916150062167

663 thirtiethelement the Chopper (level 7, -2/58 HPs)
             Began as a Demonspawn Fighter on Aug 27, 2023.
             Was a Believer of Okawaru.
             Killed from afar by a gargoyle (15 damage)
             ... with a stone arrow
             ... on level 5 of the Dungeon.
             The game lasted 00:07:44 (4647 turns).

thirtiethelement the Chopper (Demonspawn Fighter)   Turns: 4647, Time: 00:07:45

Health: -2/58      AC: 14    Str: 17    XL:     7   Next: 31%
Magic:  7/7        EV: 11    Int:  9    God:    Okawaru [**....]
Gold:   112        SH:  5    Dex: 16    Spells: 6/6 levels left

rFire   . . .        a - +0 war axe
rCold   + . .        c - +0 buckler
rNeg    . . .        l - +2 ring mail of Magic {rC+}
rPois   .            (no helmet)
rElec   .            b - +0 cloak
rCorr   .            (no gloves)
SInv    .            t - +2 pair of boots
Will    .....        (no amulet)
Stlth   +            (no ring)
HPRegen 0.29/turn    (no ring)
MPRegen 0.20/turn

%: no passive effects
@: mighty
A: slimy green scales 1, powered by death 2, magic regeneration, demonic touch
1, agile 1, robust 1
a: Renounce Religion, Heroism


You were on level 5 of the Dungeon.
You worshipped Okawaru.
Okawaru was pleased with you.
You visited 1 branch of the dungeon, and saw 5 of its levels.

You collected 198 gold pieces.
You spent 86 gold pieces at shops.

Inventory:

Hand Weapons
 a - a +0 war axe (weapon)
Missiles
 u - a poisoned dart
Armour
 b - a +0 cloak (worn)
 c - a +0 buckler (worn)
 l - the +2 ring mail of Magic (worn) {rC+}
   (You found it on level 4 of the Dungeon)

   rC+:       It protects you from cold.
 t - a +2 pair of boots (worn)
Talismans
 j - a granite talisman
Wands
 p - a wand of flame (17)
Scrolls
 e - 3 scrolls of teleportation
 g - a scroll of enchant armour
 h - a scroll of brand weapon {unknown}
 i - a scroll of revelation {unknown}
 m - a scroll of butterflies {unknown}
 q - 2 scrolls of poison
 r - 2 scrolls of noise {unknown}
 x - a scroll of fog {unknown}
Potions
 d - a potion of might
 f - a potion of mutation
 k - a potion of magic
 o - a potion of enlightenment
 v - a potion of curing {unknown}
 w - a potion of attraction


   Skills:
 + Level 3.9 Fighting
 + Level 5.2 Axes
 + Level 0.1 Throwing
 + Level 4.3 Armour
 + Level 1.9 Dodging
 + Level 0.3 Stealth
 + Level 3.5 Shields


You had 6 spell levels left.
You didn't know any spells.
Your spell library contained the following spells:

 Spells                   Type           Power      Damage    Failure   Level
 Ignite Poison            Fire/Tmut/Pois 0%         N/A       95%         3
 Sticky Flame             Conj/Fire      0%         2d3       100%        4
 Ignition                 Fire           0%         3d3       100%        8


Dungeon Overview and Level Annotations

Branches:
Dungeon (5/15)
 Temple: D:4-7

Altars:
Okawaru
Vehumet

Shops:
D:3 *   D:5 !

Annotations:
D:5 3 runed translucent doors, Selrock's ghost, novice GrGl


Innate Abilities, Weirdness & Mutations

You are partially covered in slimy green scales. (AC +2)
You regenerate health from kills.
You regenerate magic rapidly.
Your touch may inflict minor irresistible damage on your foes.
You are agile. (Dex +4, Str/Int -1)
You are robust. (+10% HP)


Message History

Press: ? - help, Q - select action, (/) - cycle Dir - look around, f - activate You gain the combat prowess of a mighty hero.
You barely miss the gargoyle. The gargoyle barely misses you.
You hit the gargoyle but do no damage.
The gargoyle hurls a stone arrow at you.
The stone arrow hits you but does no damage.
You hit the gargoyle but do no damage.
The gargoyle hurls a stone arrow at you.
The stone arrow hits you!!
You hit the gargoyle.
The gargoyle is lightly damaged.
The gargoyle hurls a stone arrow at you.
The stone arrow hits you!
You hit the gargoyle but do no damage.
The gargoyle is lightly damaged.
The gargoyle hurls a stone arrow at you.
The stone arrow hits you!!
* * * LOW HITPOINT WARNING * * *
You feel much better. The gargoyle closely misses you.
You feel very mighty all of a sudden.
You feel like a meek peon again.
The gargoyle hurls a stone arrow at you.
The stone arrow hits you!
You barely miss the gargoyle.
The gargoyle is lightly damaged.
The gargoyle closely misses you.
You hit the gargoyle but do no damage.
The gargoyle is lightly damaged.
The gargoyle hits you with a +0 morningstar!
* * * LOW HITPOINT WARNING * * *
You barely miss the gargoyle.
The gargoyle is lightly damaged.
You block the gargoyle's attack.
You barely miss the gargoyle.
The gargoyle is lightly damaged.
The gargoyle barely misses you. x2
You hit the gargoyle but do no damage.
The gargoyle is lightly damaged.
The gargoyle hurls a stone arrow at you.
The stone arrow hits you!
You die...

#......######
#.####.##...## ##
#.##...#.....# .#
#.##.#.#.._.. .#
#.##.#.##...# .#
#......# ~.~# .#
#......# #..# .#
####.#####9#
#########.(...##@##
.............####.##
...........#.# ##.#
#########....####.8#
#.......#.....##.#.#
#..###..#...#####.##
+..###$.#...# ##.#
+.....!.#..######.8#
+..###.h#.....##.###


You could see a gargoyle.

Vanquished Creatures
  2 ice beasts
  A sky beast (D:3)
  A centaur (D:5)
  Crazy Yiuf (D:4)
  A gnoll bouda (D:5)
  A jelly (D:5)
  2 iguanas (D:4)
  An orc wizard (D:4)
  5 gnolls (D:5)
  3 adders
  An ufetubus (D:5)
  A worm (D:3)
  2 dart slugs
  8 orcs (D:4)
  4 endoplasms
  7 goblins
  3 hobgoblins
  6 jackals
  7 kobolds
  3 quokkas (D:1)
  6 ball pythons
  2 bats
  7 frilled lizards
  3 rats
78 creatures vanquished.

Notes
Turn   | Place    | Note
-------+----------+-------------------------------------------
     0 | D:1      | thirtiethelement the Demonspawn Fighter began the quest for
                  | the Orb.
     0 | D:1      | Reached XP level 1. HP: 18/18 MP: 1/1
   163 | D:1      | Gained mutation: You are partially covered in slimy green
                  | scales. (AC +2) [demonic ancestry]
   163 | D:1      | Reached XP level 2. HP: 20/24 MP: 2/2
   370 | D:1      | Reached skill level 2 in Axes
   774 | D:1      | Gained mutation: You regenerate a little health from kills.
                  | [demonic ancestry]
   774 | D:1      | Reached XP level 3. HP: 25/29 MP: 3/3
  1128 | D:2      | Found a faded altar of an unknown god.
  1765 | D:2      | You fall into a shaft and drop 2 floors!
  1772 | D:4      | Noticed an ice beast
  1807 | D:3      | Found a radiant altar of Vehumet.
  2199 | D:3      | Found Exzoanoc's General Store.
  2216 | D:3      | Bought a scroll of identify for 26 gold pieces
  2321 | D:3      | Gained mutation: Your touch may inflict minor irresistible
                  | damage on your foes. [demonic ancestry]
  2321 | D:3      | Reached XP level 4. HP: 21/35 MP: 4/4
  2519 | D:3      | Reached skill level 3 in Axes
  2592 | D:3      | Found an iron altar of Okawaru.
  2654 | D:3      | Became a worshipper of Warmaster Okawaru
  2952 | D:4      | Noticed a sky beast
  2984 | D:3      | Gained mutation: You are robust. (+10% HP) [potion of
                  | mutation]
  2984 | D:3      | Gained mutation: You are agile. (Dex +4, Str/Int -1)
                  | [potion of mutation]
  3008 | D:3      | Killed a sky beast
  3009 | D:3      | Gained mutation: You regenerate magic rapidly. [demonic
                  | ancestry]
  3009 | D:3      | Reached XP level 5. HP: 30/45 MP: 5/5
  3070 | D:4      | Killed an ice beast
  3070 | D:4      | Reached * piety under Okawaru
  3071 | D:4      | Reached skill level 4 in Axes
  3071 | D:4      | Reached skill level 1 in Dodging
  3071 | D:4      | Gained mutation: You regenerate health from kills. [demonic
                  | ancestry]
  3071 | D:4      | Reached XP level 6. HP: 45/51 MP: 6/6
  3105 | D:4      | Identified the +2 ring mail of Magic {rC+}
  3141 | D:4      | Found a runed translucent door.
  3142 | D:4      | Noticed Crazy Yiuf
  3244 | D:4      | Killed Crazy Yiuf
  4100 | D:5      | Entered Level 5 of the Dungeon
  4136 | D:5      | Noticed an ice beast
  4147 | D:5      | Killed an ice beast
  4147 | D:5      | Reached ** piety under Okawaru
  4148 | D:5      | Reached skill level 5 in Axes
  4148 | D:5      | Reached XP level 7. HP: 29/58 MP: 7/7
  4372 | D:5      | Found a runed translucent gate.
  4373 | D:5      | Found a runed translucent gate.
  4374 | D:5      | Found Itepn's Distillery.
  4374 | D:5      | Found a runed translucent gate.
  4376 | D:5      | Noticed Selrock's ghost (novice GrGl)
  4382 | D:5      | Bought a potion of degeneration for 15 gold pieces
  4382 | D:5      | Bought a potion of attraction for 45 gold pieces
  4630 | D:5      | Found a faded altar of an unknown god.
  4630 | D:5      | Noticed a gargoyle
  4630 | D:5      | Found the Hermit's Pendant {Faith Invo=14 Evo=0 MP+5}
  4647 | D:5      | Killed from afar by a gargoyle

Illustrated notes

Levels and vault maps discovered:
D:1:      co_arrival_random_square_maze, layout_basic, chequers_mini_garden,
          hex_medium, hex_intersection, serial_bayou_crossing
D:2:      layout_loops_corners, shapermc_ecumenical_altar_mp_ritualfount
D:3:      layout_loops_ring, mainiacjoe_overflow_alcove_2,
          nicolae_overflow_crystal_walls, serial_shops, shop, chequers_arboretum
D:4:      layout_loops_ring, serial_aquarium, aquarium_bridge_square
          [aquarium_subvault_window, aquarium_subvault_bridge,
          aquarium_subvault_bridge, aquarium_subvault_bridge],
          aquarium_bridge_island_small [aquarium_subvault_small_water,
          aquarium_subvault_wall, aquarium_subvault_wall,
          aquarium_subvault_wall, aquarium_subvault_bridge],
          aquarium_window_fake, aquarium_window_fake, aquarium_view_2c,
          aquarium_pool_five, uniq_crazy_yiuf_cottage
D:5:      layout_loops_corners, gammafunk_ghost_split, serial_shops, shop, shop,
          hellmonk_guarded_unrand_hermit

Skill      XL: |  1  2  3  4  5  6 |
---------------+-------------------+-----
Axes           | 2 3 4 5 |  5.2
Armour         | 3 4 |  4.3
Shields        | 3 |  3.5
Dodging        | 1 |  1.9
Fighting       | |  3.9
Throwing       | |  0.1
Stealth        | |  0.3

Action                     |  1- 3 |  4- 6 |  7- 9 || total
---------------------------+-------+-------+-------++-------
  Melee: War axe           |   139 |   158 |    38 ||   335
  Throw: Dart              |       |     2 |       ||     2
 Invoke: Heroism           |       |       |     1 ||     1
    Use: Scroll            |     1 |       |     3 ||     4
         Potion            |       |     4 |     2 ||     6
 Armour: Scale mail        |    86 |    54 |       ||   140
         Ring mail         |       |    45 |    11 ||    56
  Dodge: Dodged            |    70 |    75 |    15 ||   160
  Block: Buckler           |    42 |    50 |    12 ||   104

Table legend: (Time is in decaauts)
 A = Elapsed time spent in this place.
 B = Non-inter-level travel time spent in this place.
 C = Inter-level travel time spent in this place.
 D = Time resting spent in this place.
 E = Time spent auto-exploring this place.
 F = Levels seen in this place.
 G = Mean time per level.
                   A        B        C        D        E       F      G
               +--------+--------+--------+--------+--------+-----+--------+
         Total |   4778 |   4644 |    134 |    118 |   3532 |   5 |  955.6 |
       Dungeon |   4778 |   4644 |    134 |    118 |   3532 |   5 |  955.6 |
               +--------+--------+--------+--------+--------+-----+--------+

Top non-repeatable levels by time:
     D:4: 1228 daAuts
     D:3: 1063 daAuts
     D:1: 980 daAuts
     D:2: 944 daAuts
     D:5: 561 daAuts
